 Dungeon Crawl Stone Soup version 0.20-a0-81-g6e69d53 (webtiles) character file.

359 KristoblXynda the Sneak (level 6, -2/49 HPs)
             Began as a Deep Dwarf Earth Elementalist on Nov 20, 2016.
             Was an Initiate of Makhleb.
             Slain by an ogre
             ... wielding a +0 giant spiked club
              (23 damage)
             ... on level 4 of the Dungeon.
             The game lasted 00:09:46 (2790 turns).

KristoblXynda the Sneak (DDEE)                      Turns: 2790, Time: 00:09:46

Health: -2/49      AC:  6    Str: 12    XL:     6   Next: 37%
Magic:  10/10      EV: 13    Int: 17    God:    Makhleb [......]
Gold:   181        SH:  0    Dex: 15    Spells: 2 memorised, 7 levels left

rFire  . . .     SeeInvis .     m - +3 quarterstaff (pain)
rCold  . . .     Gourm    .     p - +1 animal skin
rNeg   . . .     Faith    .     (shield currently unavailable)
rPois  .         Spirit   .     q - +1 helmet of the Okapi {Stlth+}
rElec  .         Reflect  .     t - +0 cloak
rCorr  .         Harm     .     (no gloves)
MR     .....                    (no boots)
Stlth  ++++......               (no amulet)
                                (no ring)
                                i - +2 ring of dexterity

@: non-regenerating
A: damage resistance, recharge devices, sense surroundings 1, slow regeneration
3
a: Device Recharging, Renounce Religion


You were on level 4 of the Dungeon.
You worshipped Makhleb.
Makhleb was noncommittal.
You were not hungry.

You visited 2 branches of the dungeon, and saw 5 of its levels.

You collected 181 gold pieces.

Inventory:

Hand Weapons
 l - a +0 war axe
 m - a +3 quarterstaff of pain (weapon)
 o - a +2 dagger of holy wrath
Missiles
 b - 175 stones (quivered)
Armour
 c - a +1 ring mail
 p - a +1 animal skin (worn)
 q - the +1 helmet of the Okapi (worn) {Stlth+}
   (You took it off Robin on level 2 of the Dungeon)

   It makes you more stealthy.
 t - a +0 cloak (worn)
Jewellery
 i - a +2 ring of dexterity (left hand)
Wands
 d - a wand of heal wounds (0/9)
 z - a wand of paralysis (8/24)
 D - a wand of lightning (1/15)
Scrolls
 u - 2 scrolls of remove curse
 v - 2 scrolls of enchant armour
 y - a scroll of noise {unknown}
 C - a scroll of amnesia
 E - a scroll of magic mapping
Potions
 g - a potion of curing
 h - 2 potions of might {unknown}
 j - 3 potions of resistance
 k - 2 potions of agility
 r - a potion of lignification {unknown}
 s - a potion of heal wounds {unknown}
 w - a potion of flight {unknown}
 x - a potion of cure mutation {unknown}
 A - 2 potions of mutation {unknown}
 B - a potion of cancellation {unknown}
Books
 e - a book of Geomancy

   Spells                             Type                      Level
   a - Sandblast                      Earth                        1
   b - Passwall                       Transmutation/Earth          2
   c - Stone Arrow                    Conjuration/Earth            3
   d - Petrify                        Transmutation/Earth          4
   e - Lee's Rapid Deconstruction     Earth                        5
Comestibles
 a - 11 fruits
 f - 2 bread rations
 n - 5 meat rations


   Skills:
 - Level 2.0 Axes
 + Level 1.5 Staves
 - Level 2.1 Dodging
 + Level 4.7 Stealth
 - Level 3.2 Spellcasting
 + Level 0.5 Conjurations
   Level 0.8 Transmutations
 - Level 4.0 Earth Magic
 + Level 4.2 Evocations


You had 7 spell levels left.
You knew the following spells:

 Your Spells              Type           Power        Failure   Level  Hunger
a - Sandblast             Erth           ###...       3%          1    None
b - Stone Arrow           Conj/Erth      ##....       21%         3    ###....


Dungeon Overview and Level Annotations

Branches:
Dungeon (4/15)             Temple (1/1) D:4

Altars:
Ashenzari
Cheibriados
Dithmenos
Elyvilon
Fedhas
Gozag
Makhleb
Nemelex Xobeh
Okawaru
Qazlal
Ru
Sif Muna
Trog
Uskayaw
Vehumet
Xom
Yredelemnul
Zin
The Shining One

Annotations:
D:2 exclusion: oklob plant


Innate Abilities, Weirdness & Mutations

You are resistant to damage.
You can recharge devices by infusing magical energy.
You passively map a small area around you.
You do not regenerate.


Message History

a dagger; an orc corpse
Things that are here:
a leather armour; an orc corpse
Items here: )) †† a trident; a dagger; a worker ant corpse; an orc corpse
Found a quarterstaff.
You see here a quarterstaff.
An ogre comes into view. It is wielding a giant spiked club.
You found a shaft!
Found a cloak.
The helpless ogre fails to defend itself.
You sock the ogre!
The ogre is moderately wounded.
The ogre hits you with a giant spiked club!
* * * LOW HITPOINT WARNING * * *
Evoke which item? (* to show all) (? for menu, Esc to quit)
Okay, then.
You feel better.
The ogre hits you with a giant spiked club!!
You die...

*...*#..^#..#..........
*[...##....##..##......
***#........##.##......
**#.........#..#...#
###....#..#.##...#
#..#....#..#.#..
##..##...##......
####...####..###.#..
#..@.#.# ##.....##.
#.O....# ######.#..
#...##.#*##.........
######..##..##......
#.....##..#####
#.##.....##
#.#..##..######
##...#..........
**####...#...†......#


You could see an ogre.

Vanquished Creatures
  A centaur (D:3)
  A hound (D:4)
  An orc wizard (D:4)
  Natasha (twice) (D:2)
  3 worker ants (D:4)
  Robin (D:2)
  2 adders
  2 worms
  A dart slug (D:3)
  7 orcs
  A giant cockroach (D:2)
  9 goblins
  10 hobgoblins
  10 kobolds
  A quokka (D:3)
  2 bats
  A frilled lizard (D:3)
  A jackal skeleton (D:4)
  A leopard gecko skeleton (D:4)
  5 rats
62 creatures vanquished.

Vanquished Creatures (others)
  4 fungi (D:2)
4 creatures vanquished.

Grand Total: 66 creatures vanquished

Notes
Turn   | Place    | Note
-------+----------+-------------------------------------------
     0 | D:1      | KristoblXynda the Deep Dwarf Earth Elementalist began the quest for the Orb.
     0 | D:1      | Reached XP level 1. HP: 15/15 MP: 3/3
   479 | D:2      | Noticed Robin
   492 | D:2      | Reached skill level 1 in Evocations
   493 | D:2      | Killed Robin
   493 | D:2      | Reached XP level 2. HP: 7/22 MP: 5/5
   520 | D:2      | HP: 1/22 [hobgoblin[Robin] (3)]
   533 | D:2      | Got a dazzling helmet
   545 | D:2      | Identified the +1 helmet of the Okapi {Stlth+} (You took it off Robin on level 2 of the Dungeon)
   575 | D:2      | Noticed Natasha
   636 | D:2      | Reached XP level 3. HP: 19/28 MP: 6/6
   727 | D:2      | Learned a level 3 spell: Stone Arrow
   843 | D:2      | Killed Natasha
   843 | D:2      | Reached skill level 1 in Axes
  1031 | D:2      | Reached XP level 4. HP: 19/36 MP: 7/7
  1087 | D:2      | Noticed Natasha
  1099 | D:2      | Killed Natasha
  1126 | D:2      | Found an opulent altar of Gozag.
  1201 | D:2      | Found a blossoming altar of Fedhas.
  1213 | D:2      | Noticed an oklob plant
  1358 | D:3      | Noticed a centaur
  1371 | D:3      | Killed a centaur
  1371 | D:3      | Reached skill level 1 in Staves
  1371 | D:3      | Reached XP level 5. HP: 38/42 MP: 7/9
  1554 | D:3      | Found a shattered altar of Ashenzari.
  1557 | D:3      | Found a stormy altar of Qazlal.
  2247 | D:4      | Reached XP level 6. HP: 14/49 MP: 10/10
  2438 | D:4      | Found a basalt altar of Yredelemnul.
  2525 | D:4      | Found a staircase to the Ecumenical Temple.
  2583 | Temple   | Entered the Ecumenical Temple
  2625 | Temple   | Became a worshipper of Makhleb the Destroyer
  2790 | D:4      | Slain by an ogre

Vault maps used:
D:1:      tarquinn_simple_flora_water_f, minmay_misc_feat_five,
          minmay_misc_feat_cross
D:2:      nicolae_gozag_cash_rules_everything_around_me,
          minmay_stone_trees_medium, tgw_fedhas, uniq_natasha, uniq_robin
D:3:      corexii_shack_village, grunt_temple_overflow_open
D:4:      old_standard_altar, first_bread
Temple:   regret_index_temple_waves

Skill      XL: |  1  2  3  4  5  6 |
---------------+-------------------+-----
Spellcasting   | 2 3 |  3.2
Evocations     | 1 2 3 4 |  4.2
Axes           | 1 2 |  2.0
Stealth        | 3 4 |  4.7
Staves         | 1 |  1.5
Dodging        | |  2.1
Conjurations   | |  0.5
Transmutations | |  0.8
Earth Magic    | |  4.0

Action                   |  1- 3 |  4- 6 || total
-------------------------+-------+-------++-------
Melee: Hand axe          |    51 |       ||    51
       Quarterstaff      |    23 |   111 ||   134
       Dagger            |     1 |       ||     1
 Cast: Sandblast         |     3 |       ||     3
Evoke: Wand              |     1 |     7 ||     8
  Use: Scroll            |     4 |     6 ||    10
       Potion            |       |     1 ||     1
 Stab: Sleeping          |     2 |    10 ||    12
  Eat: Fruit             |       |     1 ||     1
       Chunk             |       |     1 ||     1
       Bread ration      |       |     1 ||     1
Armor: Robe              |     4 |       ||     4
       Animal skin       |     8 |    30 ||    38
Dodge: Dodged            |    57 |    81 ||   138
